 Dungeon Crawl Stone Soup version 0.19-a0-1513-gf6d23ed (webtiles) character file.

129 AlphabetPasta the Chiller (level 4, -6/30 HPs)
             Began as a Mummy Ice Elementalist on Sept 12, 2016.
             Mangled by Sigmund
             ... wielding a +0 scythe
              (7 damage)
             ... on level 2 of the Dungeon.
             The game lasted 00:11:33 (2910 turns).

AlphabetPasta the Chiller (Mummy Ice Elementalist)  Turns: 2910, Time: 00:11:34

Health: -6/30      AC:  3    Str: 11    XL:     4   Next: 88%
Magic:  5/8        EV: 11    Int: 15    God:
Gold:   153        SH:  0    Dex: 14    Spells: 3 memorised, 2 levels left

rFire  x . .     SeeInvis .     i - +2 short sword (venom)
rCold  + . .     Gourm    .     d - +0 leather armour
rNeg   + + +     Faith    .     (no shield)
rPois  ∞         Spirit   .     (no helmet)
rElec  .         Dismiss  .     (no cloak)
rCorr  .         Reflect  .     (no gloves)
MR     .....     Harm     .     (no boots)
Stlth  ++........               (no amulet)
                                f - +2 ring of dexterity
                                c - ring of flight

@: no status effects
A: no food or potions, fire vulnerability, cold resistance 1, negative energy
resistance 3, torment resistance, unbreathing
a: Evoke Flight


You were on level 2 of the Dungeon.
You were not hungry.

You visited 1 branch of the dungeon, and saw 3 of its levels.
You also visited: Sewer.

You collected 153 gold pieces.

Inventory:

Hand Weapons
 i - a +2 short sword of venom (weapon)
Armour
 a - a +0 robe
 d - a +0 leather armour (worn)
Jewellery
 c - a ring of flight (left hand)
 f - a +2 ring of dexterity (right hand)
Scrolls
 e - 2 scrolls of identify
 g - a scroll of remove curse
 h - 4 scrolls of teleportation
Books
 b - a book of Frost

   Spells                             Type                      Level
   a - Freeze                         Ice                          1
   b - Throw Frost                    Conjuration/Ice              2
   c - Ozocubu's Armour               Charms/Ice                   3
   d - Throw Icicle                   Conjuration/Ice              4
   e - Summon Ice Beast               Ice/Summoning                4


   Skills:
 - Level 1.5 Dodging
 - Level 1.5 Stealth
 + Level 2.9 Spellcasting
 + Level 1.5 Conjurations
 * Level 3.9 Ice Magic


You had 2 spell levels left.
You knew the following spells:

 Your Spells              Type           Power        Failure   Level  Hunger
a - Freeze                Ice            ##..         6%          1    N/A
b - Throw Frost           Conj/Ice       ##....       17%         2    N/A
c - Ozocubu's Armour      Chrm/Ice       #.......     38%         3    N/A

Dungeon Overview and Level Annotations

Branches:
Dungeon (3/15)

Altars:

Annotations:
D:2 Sigmund
D:3 exclusions: gnoll and hobgoblin


Innate Abilities, Weirdness & Mutations

You do not eat or drink.
Your flesh is vulnerable to fire.
You are immune to poison.
Your flesh is cold resistant. (rC+)
You are immune to negative energy. (rN+++)
You are immune to unholy pain and torment.
You can survive without breathing.


Message History

Press: ? - help, Shift-Dir - straight line, f/p - orc
Aim: an orc, wielding a dagger and wearing a scale mail (moderately wounded)
You freeze the orc.
You kill the orc!
Sigmund hits you from afar with a scythe!
Sigmund gestures at you while chanting. The puff of flame hits you!
The fire burns you terribly!
* * * LOW HITPOINT WARNING * * *
Things that are here:
a dagger; a scale mail You can't drink.
Casting: Freeze
Confirm with . or Enter, or press ? or * to list all spells.
Aiming: Freeze
Press: ? - help, Shift-Dir - straight line, f - Sigmund
Aim: Sigmund, wielding a scythe and wearing a robe You freeze Sigmund.
Sigmund is lightly wounded.
Sigmund hits you with a scythe!
You die...

#################
#.....{l........#
#.#############.#
#.# #.# #.# #@.
#############l#
...#
#.......!..##@#
#..#
####....[.....##@#
#l..
................>#
#<##
####..........##.#
#..
#..........##.#
###.........#.#
######.........#.#
.....†...........#
######...........#
....##...........#


You could see Sigmund and a giant gecko.

Vanquished Creatures
  A gnoll (D:1)
  2 adders
  3 oozes (Sewer)
  4 worms
  4 giant geckos
  3 orcs
  7 giant cockroaches
  A goblin (D:1)
  4 hobgoblins
  4 jackals (Sewer)
  2 ball pythons
  15 bats
  5 giant newts
  8 kobolds
  7 rats
70 creatures vanquished.

Notes
Turn   | Place    | Note
-------+----------+-------------------------------------------
     0 | D:1      | AlphabetPasta the Mummy Ice Elementalist began the quest for the Orb.
     0 | D:1      | Reached XP level 1. HP: 13/13 MP: 3/3
   297 | D:1      | Reached XP level 2. HP: 19/19 MP: 3/5
   301 | D:1      | Learned a level 2 spell: Throw Frost
   623 | D:1      | Reached skill level 3 in Ice Magic
   875 | D:1      | Reached XP level 3. HP: 17/24 MP: 1/6
   880 | D:1      | Learned a level 3 spell: Ozocubu's Armour
  1787 | D:2      | Noticed Sigmund
  1838 | D:3      | Found a glowing drain.
  2013 | Sewer    | Entered a sewer
  2019 | Sewer    | Reached XP level 4. HP: 30/30 MP: 2/8
  2183 | Sewer    | Reached skill level 1 in Conjurations
  2909 | D:2      | HP: 1/30 [Sigmund/puff of flame (12)]
  2910 | D:2      | Mangled by Sigmund

Vault maps used:
D:1:      dpeg_arrival_round_c
D:2:      uniq_sigmund
D:3:      kennysheep_goblin_castle, gup_sewer_entry_glass,
          uniq_crazy_yiuf_cottage
Sewer:    sewer_fruit_machine

Skill      XL: |  1  2  3  4 |
---------------+-------------+-----
Ice Magic      | 3 |  3.9
Conjurations   | 1 |  1.5
Dodging        | |  1.5
Stealth        | |  1.5
Spellcasting   | |  2.9

Action                   |  1- 3 |  4- 6 || total
-------------------------+-------+-------++-------
Melee: Unarmed           |     8 |       ||     8
       Short sword       |     1 |    17 ||    18
 Cast: Freeze            |    76 |    45 ||   121
       Throw Frost       |       |     2 ||     2
 Abil: Evoke Flight      |       |     1 ||     1
  Use: Scroll            |     2 |       ||     2
 Stab: Sleeping          |     2 |       ||     2
Armor: Leather armour    |    14 |    18 ||    32
Dodge: Dodged            |    44 |    41 ||    85
